 Dungeon Crawl Stone Soup version 0.31-a0-232-gb1c03b2570 (webtiles) character file.

Game seed: 10340005799151968420

1028 qw the Skirmisher (level 8, -3/68 HPs)
             Began as a Minotaur Hexslinger on July 7, 2023.
             Was a Follower of Okawaru.
             Killed from afar by Maggie (15 damage)
             ... with a bolt of fire
             ... on level 6 of the Dungeon.
             The game lasted 00:02:00 (4520 turns).

qw the Skirmisher (Minotaur Hexslinger)             Turns: 4520, Time: 00:02:01

Health: -3/68      AC: 11    Str: 13    XL:     8   Next: 3%
Magic:  8/9        EV: 18    Int: 10    God:    Okawaru [*.....]
Gold:   301        SH:  0    Dex: 21    Spells: 8/9 levels left

rFire   . . .        Y - +0 orcbow
rCold   + . .        (shield currently unavailable)
rNeg    + . .        l - +3 leather armour {rN+}
rPois   .            (helmet restricted)
rElec   .            d - +1 cloak
rCorr   .            (no gloves)
SInv    .            (no boots)
Will    .....        k - amulet of regeneration
Stlth   ++++         c - +6 ring of dexterity
HPRegen 1.11/turn    e - +4 ring of protection
MPRegen 0.11/turn

%: no passive effects
@: heroic, mesmerised
A: horns 2, retaliatory headbutt, camouflage 1, cold resistance 1, deformed body
a: Renounce Religion, Heroism


You were on level 6 of the Dungeon.
You worshipped Okawaru.
Okawaru was aware of your devotion.
You visited 1 branch of the dungeon, and saw 6 of its levels.

You collected 301 gold pieces.


Innate Abilities, Weirdness & Mutations

You have a pair of horns on your head.
You reflexively headbutt those who attack you in melee.
Your skin changes colour to match your surroundings (Stealth+).
Your flesh is cold resistant. (rC+)
Armour fits poorly on your strangely shaped body.


   Skills:
 - Level 5.0(10.0) Fighting
 + Level 8.0(13.0) Ranged Weapons
 - Level 1.0(6.0) Armour
 - Level 3.8(8.8) Dodging
 - Level 1.0 Spellcasting
 - Level 2.0 Hexes
 + Level 2.9 Invocations


You had 8 spell levels left.
You knew the following spells:

 Your Spells              Type           Power      Damage    Failure   Level
a - Slow                  Hex            16%        N/A       19%         1

Your spell library contained the following spells:

 Spells                   Type           Power      Damage    Failure   Level
 Inner Flame              Hex/Fire       2%         N/A       63%         3
 Portal Projectile        Hex/Tloc       4%         N/A       63%         3
 Cause Fear               Hex            2%         N/A       88%         4

Inventory:

Hand Weapons
 Y - a +0 orcbow (weapon)
Armour
 d - a +1 cloak (worn)
 l - a +3 leather armour of positive energy (worn)
Jewellery
 c - a +6 ring of dexterity (left hand)
 e - a +4 ring of protection (right hand)
 k - an amulet of regeneration (around neck)
Scrolls
 p - 2 scrolls of identify
Potions
 a - a potion of enlightenment
 b - a potion of mutation
 f - a potion of curing
 j - a potion of cancellation

Dungeon Overview and Level Annotations

Branches:
Dungeon (6/15)
 Temple: D:4-7

Altars:
Okawaru
Ru
Sif Muna
Trog
Vehumet
Wu Jian

Annotations:
D:3 exclusion: moth of wrath
D:6 Maggie


Message History

Maggie attempts to bespell you! You resist with almost no effort.
You shoot an arrow. The arrow hits Maggie.
Maggie is severely wounded.
Maggie casts a spell at you. The bolt of fire hits you!
You shoot an arrow. The arrow hits Maggie.
Maggie is severely wounded.
Maggie points at you and mumbles some strange words.
The bolt of fire hits you!
4509 ||| INVOKING Heroism.
You gain the combat prowess of a mighty hero.
Maggie hits you from afar with a +0 glaive!
Enter note:
Enter note:
Enter note:
Enter note: Maggie zaps a wand.
You struggle to resist.
The now-empty wand crumbles to dust.
Enter note:
Enter note:
Enter note: Maggie points at you and mumbles some strange words.
The bolt of fire hits you!
Maggie casts a spell.
Maggie attempts to bespell you!
You are mesmerised by Maggie!
Enter note:
Enter note: Maggie gestures at you while chanting.
The bolt of fire hits you! Maggie misses you. Maggie closely misses you.
You shoot an arrow. The arrow hits Maggie.
Maggie is severely wounded.
Maggie misses you.
You shoot an arrow. The arrow closely misses Maggie.
Maggie hits you with a +0 glaive!
You shoot an arrow. The arrow barely misses Maggie.
Maggie points at you and mumbles some strange words.
The bolt of fire hits you!
You die...

......'.............##
.#
#######..............#
.# #...........##.# .#
#...........##.##.######
#...........##...@......
#...........#####..####.
#..<........# ....#
#...........# #.#.#
#.(.......@.# .# #
###########@##.#...#
#......... ######...#


You could see Maggie (mesmerising).

Vanquished Creatures
  Eustachio (D:5)
  2 black bears
  A centaur (D:5)
  A bullfrog (D:5)
  A scorpion (D:4)
  A hound (D:3)
  A jelly (D:5)
  An orc priest (D:5)
  A sleepcap (D:4)
  Jessica (D:3)
  Ijyb (D:3)
  2 iguanas (D:5)
  4 orc wizards (D:5)
  Robin (D:3)
  6 adders
  A white imp (D:5)
  3 worms
  4 dart slugs
  16 orcs
  5 bats
  11 endoplasms
  2 giant cockroaches (D:1)
  10 goblins
  11 hobgoblins
  4 quokkas
  8 ball pythons
  8 kobolds
  6 rats
114 creatures vanquished.

Notes
Turn   | Place    | Note
-------+----------+-------------------------------------------
     0 | D:1      | qw the Minotaur Hexslinger began the quest for the Orb.
     0 | D:1      | Reached XP level 1. HP: 16/16 MP: 1/1
     0 | D:1      | 0 ||| qw: Version: 0.3-a-46-gb1f654a
     0 | D:1      | 0 ||| qw: Game counter: 2435
     0 | D:1      | 0 ||| qw: Melee chars always use a shield: true
     0 | D:1      | 0 ||| qw: God list: Okawaru
     0 | D:1      | 0 ||| qw: Allow faded altars: false
     0 | D:1      | 0 ||| qw: Do Orc after clearing Dungeon:15 true
     0 | D:1      | 0 ||| qw: Do second Lair branch before Depths: true
     0 | D:1      | 0 ||| qw: Lair rune preference: random
     0 | D:1      | 0 ||| qw: Goals: Normal
     0 | D:1      | 0 ||| PLANNING D:1-11
    89 | D:1      | Reached skill level 3 in Ranged Weapons
    89 | D:1      | Reached XP level 2. HP: 23/23 MP: 2/2
   119 | D:1      | 119 ||| FLEEEEING.
   320 | D:1      | Reached XP level 3. HP: 29/29 MP: 3/3
   570 | D:1      | 570 ||| UPGRADING to +0 ring mail.
   580 | D:1      | 580 ||| DROPPING +0 robe.
   581 | D:1      | 581 ||| READING 3 scrolls labelled UXKOTAANAY.
   584 | D:1      | 584 ||| DROPPING scroll of poison.
   641 | D:2      | Reached skill level 4 in Ranged Weapons
   728 | D:2      | Reached skill level 1 in Armour
  1043 | D:2      | Reached XP level 4. HP: 36/36 MP: 4/4
  1278 | D:2      | 1278 ||| UPGRADING to +6 ring of dexterity.
  1279 | D:2      | 1279 ||| DRINKING 2 grey potions.
  1279 | D:2      | Gained mutation: Armour fits poorly on your strangely
                  | shaped body. [potion of mutation]
  1279 | D:2      | Gained mutation: Your skin changes colour to match your
                  | surroundings (Stealth+). [potion of mutation]
  1279 | D:2      | Gained mutation: Your flesh is cold resistant. (rC+)
                  | [potion of mutation]
  1280 | D:2      | 1280 ||| DRINKING 4 bubbling white potions.
  1508 | D:3      | Noticed Robin
  1517 | D:3      | Killed Robin
  1536 | D:3      | HP: 9/36 [adder (2)]
  1537 | D:3      | 1537 ||| READING 2 scrolls of teleportation.
  1538 | D:3      | 1538 ||| DRINKING 3 potions of heal wounds.
  1663 | D:3      | Reached skill level 5 in Ranged Weapons
  1764 | D:3      | Reached skill level 3 in Fighting
  1764 | D:3      | Reached XP level 5. HP: 35/45 MP: 5/5
  1869 | D:3      | Found a radiant altar of Vehumet.
  1871 | D:3      | Noticed Ijyb
  1874 | D:3      | 1874 ||| FLEEEEING.
  1875 | D:3      | 1875 ||| FLEEEEING.
  1876 | D:3      | 1876 ||| FLEEEEING.
  1877 | D:3      | 1877 ||| FLEEEEING.
  1880 | D:3      | 1880 ||| FLEEEEING.
  1883 | D:3      | 1883 ||| FLEEEEING.
  1884 | D:3      | 1884 ||| FLEEEEING.
  1885 | D:3      | 1885 ||| FLEEEEING.
  1886 | D:3      | 1886 ||| FLEEEEING.
  1887 | D:3      | 1887 ||| FLEEEEING.
  1888 | D:3      | 1888 ||| FLEEEEING.
  1889 | D:3      | 1889 ||| FLEEEEING.
  1890 | D:3      | 1890 ||| FLEEEEING.
  1891 | D:3      | 1891 ||| FLEEEEING.
  1892 | D:3      | 1892 ||| FLEEEEING.
  1893 | D:3      | 1893 ||| FLEEEEING.
  1895 | D:3      | 1895 ||| FLEEEEING.
  1902 | D:3      | HP: 7/45 [Ijyb/bolt of light (11)]
  1903 | D:3      | 1903 ||| READING scroll of teleportation.
  1903 | D:3      | HP: 3/45 [Ijyb/+0 dagger of freezing (4)]
  1904 | D:3      | 1904 ||| DRINKING 2 potions of heal wounds.
  2014 | D:3      | Killed Ijyb
  2383 | D:3      | Found an iron altar of Okawaru.
  2384 | D:3      | 2384 ||| PLANNING OKAWARU WORSHIP
  2384 | D:3      | 2384 ||| UPGRADING to ring of resist corrosion.
  2385 | D:3      | 2385 ||| READING scroll labelled BOMPEUPOMO.
  2386 | D:3      | 2386 ||| READING scroll labelled REFIKHL NAXAGE.
  2394 | D:3      | Became a worshipper of Warmaster Okawaru
  2395 | D:3      | 2395 ||| PLANNING D:1-11
  2497 | D:3      | Noticed Jessica
  2498 | D:3      | 2498 ||| Stepping ~*~*~tactically~*~*~ (outnumbered).
  2505 | D:3      | HP: 11/45 [kobold/+0 dagger (1)]
  2506 | D:3      | 2506 ||| DRINKING potion of heal wounds.
  2510 | D:3      | Killed Jessica
  2611 | D:3      | Noticed a moth of wrath
  2612 | D:3      | 2612 ||| UPGRADING to +2 robe of willpower.
  2622 | D:3      | 2622 ||| DROPPING +0 ring mail.
  2623 | D:3      | 2623 ||| UPGRADING to +4 ring of protection.
  2625 | D:3      | 2625 ||| DROPPING ring of resist corrosion.
  2628 | D:3      | Found a bloodstained altar of Trog.
  2737 | D:3      | 2737 ||| UPGRADING to +0 cloak.
  2814 | D:4      | Found a sacrificial altar of Ru.
  2815 | D:4      | Noticed a black bear
  2830 | D:4      | Killed a black bear
  2831 | D:4      | Reached skill level 6 in Ranged Weapons
  2831 | D:4      | Reached XP level 6. HP: 34/51 MP: 6/6
  3064 | D:4      | Reached skill level 3 in Dodging
  3100 | D:4      | Found a shimmering blue altar of Sif Muna.
  3163 | D:4      | Found an ornate altar of the Wu Jian Council.
  3581 | D:4      | 3581 ||| UPGRADING to amulet of regeneration.
  3586 | D:4      | 3586 ||| DROPPING +6 ring of strength.
  3587 | D:4      | 3587 ||| READING scroll labelled PEIWETITTO.
  3588 | D:4      | 3588 ||| READING scroll labelled ECRAUBLUSI.
  3589 | D:4      | 3589 ||| READING scroll labelled XIURUENORO.
  3590 | D:4      | 3590 ||| READING scroll labelled TAFERINUUD.
  3591 | D:4      | 3591 ||| DRINKING 2 black potions.
  3609 | D:5      | Entered Level 5 of the Dungeon
  3622 | D:5      | Reached * piety under Okawaru
  3675 | D:5      | 3675 ||| SWAPPING to +0 orcbow.
  3676 | D:5      | 3676 ||| INVOKING Heroism.
  3678 | D:5      | 3678 ||| Stepping ~*~*~tactically~*~*~ (outnumbered).
  3683 | D:5      | Reached XP level 7. HP: 60/60 MP: 4/7
  3688 | D:5      | 3688 ||| INVOKING Heroism.
  3691 | D:5      | Reached skill level 7 in Ranged Weapons
  3727 | D:5      | 3727 ||| DROPPING +2 sling.
  3737 | D:5      | Noticed Eustachio
  3738 | D:5      | 3738 ||| INVOKING Heroism.
  3752 | D:5      | Killed Eustachio
  3772 | D:5      | 3772 ||| Stepping ~*~*~tactically~*~*~ (outnumbered).
  3778 | D:5      | Reached skill level 1 in Invocations
  3788 | D:5      | Reached skill level 8 in Ranged Weapons
  3827 | D:5      | 3827 ||| INVOKING Heroism.
  3889 | D:5      | 3889 ||| READING scroll of enchant armour.
  3889 | D:5      | 3889 ||| ENCHANTING +0 cloak.
  3905 | D:5      | 3905 ||| INVOKING Heroism.
  3940 | D:5      | Reached XP level 8. HP: 68/68 MP: 7/9
  4243 | D:5      | 4243 ||| UPGRADING to +3 leather armour of positive energy.
  4253 | D:5      | 4253 ||| DROPPING +2 robe of willpower.
  4254 | D:5      | 4254 ||| READING scroll labelled RUCRUQE QYAGG.
  4255 | D:5      | 4255 ||| READING scroll labelled URIXTETEMOSH.
  4256 | D:5      | 4256 ||| READING 2 scrolls labelled SUTTYRURAJO.
  4257 | D:5      | 4257 ||| DRINKING 2 clear potions.
  4258 | D:5      | 4258 ||| READING 4 scrolls of identify.
  4258 | D:5      | 4258 ||| IDENTIFYING brown potion
  4259 | D:5      | 4259 ||| READING 3 scrolls of identify.
  4259 | D:5      | 4259 ||| IDENTIFYING murky brown potion
  4260 | D:5      | 4260 ||| READING 2 scrolls of identify.
  4260 | D:5      | 4260 ||| IDENTIFYING inky potion
  4261 | D:5      | 4261 ||| DROPPING potion of berserk rage.
  4262 | D:5      | 4262 ||| DROPPING potion of attraction.
  4263 | D:5      | 4263 ||| DROPPING scroll of revelation.
  4410 | D:6      | Noticed Maggie
  4418 | D:6      | 4418 ||| INVOKING Heroism.
  4421 | D:6      | HP: 16/68 [Maggie/+0 glaive (3)]
  4422 | D:6      | 4422 ||| READING scroll of teleportation.
  4425 | D:6      | 4425 ||| FLEEEEING.
  4509 | D:6      | 4509 ||| INVOKING Heroism.
  4515 | D:6      | HP: 14/68 [Maggie/bolt of fire (10)]
  4520 | D:6      | Killed from afar by Maggie

Levels and vault maps discovered:
D:1:      nzn_arrival_settlement, layout_loops_ring, minmay_misc_feat_five
D:2:      layout_basic
D:3:      layout_loops_corners, vehumet_crystals, tgw_trog, marbit_many_paths,
          uniq_ijyb, uniq_jessica, uniq_robin
D:4:      layout_basic, nicolae_wu_jian_wuxing_cycle,
          mainiacjoe_overflow_cross_hatched,
          mainiacjoe_overflow_small_starburst, due_unseen_surprise
D:5:      layout_rooms, chequers_serial_rivers_micro_a, uniq_eustachio
D:6:      layout_basic, makhleb_heckhound_becter, uniq_sigmund,
          uniq_crazy_yiuf_cottage, uniq_maggie

Skill      XL: |  1  2  3  4  5  6  7 |
---------------+----------------------+-----
Ranged Weapons | 3 4 5 6 8 |  8.0
Fighting       | 2 3 4 5 |  5.0
Armour         | 1 |  1.0
Dodging        | 3 |  3.8
Invocations    | 2 |  2.9
Spellcasting   | |  1.0
Hexes          | |  2.0

Action                     |  1- 3 |  4- 6 |  7- 9 || total
---------------------------+-------+-------+-------++-------
   Fire: Sling             |   108 |   178 |       ||   286
         Orcbow            |       |     3 |    99 ||   102
 Invoke: Heroism           |       |     1 |     6 ||     7
    Use: Scroll            |     1 |     8 |     8 ||    17
         Potion            |       |     6 |     1 ||     7
 Armour: Robe              |     7 |    17 |    14 ||    38
         Ring mail         |     7 |     7 |       ||    14
         Leather armour    |       |       |     1 ||     1
  Dodge: Dodged            |    12 |    64 |    34 ||   110

Table legend:
 A = Non-vault XP
 B = Vault XP
 C = Vault XP percentage of total XP
 D = Non-vault monster count
 E = Vault monster count
 F = Vault count percentage of total count
                 A         B        C        D         E       F
            +---------+---------+-------+---------+---------+-------
      Total |    1170 |     299 |  20.4 |      98 |      16 |  14.0
            +---------+---------+-------+---------+---------+-------
        D:1 |      52 |       0 |   0.0 |      27 |       0 |   0.0
        D:2 |      46 |       0 |   0.0 |      16 |       0 |   0.0
        D:3 |     117 |     114 |  49.4 |      18 |      15 |  45.5
        D:4 |     283 |       0 |   0.0 |      15 |       0 |   0.0
        D:5 |     669 |     185 |  21.7 |      21 |       1 |   4.5
        D:6 |       3 |       0 |   0.0 |       1 |       0 |   0.0
            +---------+---------+-------+---------+---------+-------
